 Dungeon Crawl Stone Soup version 0.28.0-45-g0d030f2227 (webtiles) character file.

Game seed: 5014836447424226726

90729 101zpm the Eclecticist (level 15, -3/116 HPs)
             Began as a Yellow Draconian Ice Elementalist on Apr 19, 2022.
             Was an Elder of Vehumet.
             Slain by a phantasmal warrior (25 damage)
             ... led by a death knight
             ... on level 13 of the Dungeon.
             The game lasted 03:57:06 (54184 turns).

101zpm the Eclecticist (DrIE)                      Turns: 54184, Time: 03:57:06

Health: -3/116     AC: 22    Str: 12    XL:     15   Next: 53%
Magic:  39/43      EV: 16    Int: 18    God:    Vehumet [****..]
Gold:   968        SH:  0    Dex: 16    Spells: 11/44 levels left

rFire   + . .      SeeInvis +   q - +5 lajatang of Nutsutt {drain, Will+ Str+2 Int-4}
rCold   + + .      Faith    .   (shield currently unavailable)
rNeg    . . .      Spirit   .   (armour unavailable)
rPois   .          Reflect  .   (helmet restricted)
rElec   .          Harm     .   Q - +0 cloak
rCorr   +          Rampage  +   m - +0 pair of fencer's gloves {Riposte Dex+3}
Will    +....                   D - +1 pair of boots {rampage}
Stlth   +++.......              J - amulet of a Thousand Spines {RegenMP rC+ rCorr}
HPRegen 0.29/turn               c - ring "Eschipit" {rF+ rC+ rCorr Slay-4 SInv}
MPRegen 0.68/turn               L - ring of magical power

@: ice-armoured, weak-willed, freezing walls
A: spit acid, AC +9, unfitting armour, acidic bite, cold-blooded, acid
resistance
a: Breathe Acid, Renounce Religion


You were on level 13 of the Dungeon.
You worshipped Vehumet.
Vehumet was greatly pleased with you.
You visited 4 branches of the dungeon, and saw 23 of its levels.
You also visited: Bailey.

You collected 2312 gold pieces.
You spent 1344 gold pieces at shops.

Inventory:

Hand Weapons
 q - the +5 lajatang of Nutsutt (weapon) {drain, Will+ Str+2 Int-4}
   (You bought it in a shop on level 2 of the Orcish Mines)

   A truly terrible weapon, it drains the life of any living foe it strikes.
   Str:       It affects your strength (+2).
   Int:       It affects your intelligence (-4).
   Will:      It increases your willpower.
 R - a +4 mace
Missiles
 u - 2 throwing nets
 y - 38 boomerangs
 z - 10 javelins
 A - 21 poisoned darts
 C - 8 atropa-tipped darts
 G - 4 datura-tipped darts
 H - 5 boomerangs of dispersal
 I - 7 curare-tipped darts
Armour
 m - the +0 pair of fencer's gloves (worn) {Riposte Dex+3}
   (You found it on level 4 of the Lair of Beasts)

   It allows the wearer to riposte with melee weapons, swiftly retaliating
   against missed attacks.
   Dex:       It affects your dexterity (+3).
 D - a +1 pair of boots of rampaging (worn)
 Q - a +0 cloak (worn)
Magical Staves
 b - a staff of cold
 t - a staff of conjuration
 K - a staff of air
Jewellery
 c - the ring "Eschipit" (left hand) {rF+ rC+ rCorr Slay-4 SInv}
   (You bought it in a shop on level 2 of the Orcish Mines)

   [ring of protection from cold]

   Slay:      It affects your accuracy & damage with ranged weapons and melee
   (-4).
   rF:        It protects you from fire.
   rC:        It protects you from cold.
   SInv:      It lets you see invisible.
   rCorr:     It protects you from acid and corrosion.
 k - a +4 ring of protection
 n - an amulet of regeneration
 x - a +4 ring of evasion
 J - the amulet of a Thousand Spines (around neck) {RegenMP rC+ rCorr}
   (You found it on level 6 of the Lair of Beasts)

   [amulet of magic regeneration]

   It increases your rate of magic regeneration.
   rC:        It protects you from cold.
   rCorr:     It protects you from acid and corrosion.
 L - a ring of magical power (right hand)
 N - an amulet of the acrobat
 P - a +6 ring of dexterity
 T - an amulet of reflection
 Y - a +6 ring of intelligence
Wands
 p - a wand of polymorph (4)
 r - a wand of acid (5)
 s - a wand of charming (20)
 w - a wand of mindburst (23)
 E - a wand of iceblast (8)
 V - a wand of paralysis (2)
 W - a wand of flame (12)
Scrolls
 a - a scroll of torment {unknown}
 e - 4 scrolls of silence
 f - a scroll of fear
 g - 3 scrolls of amnesia
 i - 2 scrolls of enchant weapon
 j - 8 scrolls of teleportation
 o - a scroll of enchant armour
 v - a scroll of identify
 B - 5 scrolls of magic mapping
 M - a scroll of brand weapon
 U - 5 scrolls of fog {unknown}
Potions
 d - 4 potions of might
 h - 2 potions of brilliance
 l - 8 potions of curing
 F - 2 potions of haste {unknown}
 O - 2 potions of ambrosia
 S - a potion of magic
 X - 2 potions of invisibility
 Z - 2 potions of flight {unknown}


   Skills:
 + Level 6.5 Fighting
 + Level 3.5(4.7) Short Blades
 + Level 4.7(5.3) Long Blades
 + Level 5.0(5.4) Maces & Flails
 + Level 2.9(4.3) Staves
 + Level 7.7 Dodging
 + Level 5.5 Stealth
 + Level 1.8 Shields
 + Level 15.2 Spellcasting
 + Level 1.2 Conjurations
 + Level 3.5 Hexes
 + Level 6.6 Summonings
 + Level 1.8 Transmutations
 + Level 3.5 Fire Magic
 + Level 12.4 Ice Magic
 + Level 7.8 Air Magic
 + Level 7.3 Poison Magic


You had 11 spell levels left.
You knew the following spells:

 Your Spells              Type           Power      Damage    Failure   Level
a - Freeze                Ice            100%       1d11      1%          1
b - Frozen Ramparts       Ice            100%       1d12      1%          3
c - Ozocubu's Armour      Ice            55%        N/A       1%          3
d - Hailstorm             Conj/Ice       38%        3d9       1%          4
e - Poisonous Vapours     Pois/Air       82%        N/A       1%          2
f - Summon Small Mammal   Summ           100%       N/A       1%          1
g - Wereblood             Tmut           20%        N/A       3%          2
h - Confusing Touch       Hex            26%        N/A       3%          3
i - Scorch                Fire           52%        2d7       1%          2
j - Conjure Flame         Conj/Fire      22%        6-21      1%          3
k - Tukima's Dance        Hex            26%        N/A       3%          3
l - Freezing Cloud        Conj/Ice/Air   19%        6-21      1%          5
m - Animate Skeleton      Necr           26%        N/A       4%          1

Your spell library contained the following spells:

 Spells                   Type           Power      Damage    Failure   Level
 Corpse Rot               Necr/Air       54%        N/A       1%          2
 Spider Form              Tmut/Pois      30%        N/A       1%          3
 Beastly Appendage        Tmut           40%        N/A       2%          1
 Apportation              Tloc           26%        N/A       4%          1
 Yara's Violent Unravell  Hex/Tmut       11%        3d6       11%         5
 Alistair's Intoxication  Tmut/Pois      20%        N/A       19%         5
 Eringya's Noxious Bog    Tmut/Pois      15%        N/A       26%         6
 Animate Dead             Necr           6%         N/A       43%         4
 Passage of Golubria      Tloc           13%        N/A       43%         4
 Borgnjor's Vile Clutch   Necr/Erth      6%         N/A       78%         5
 Death Channel            Necr           6%         N/A       100%        6
 Enfeeble                 Hex            13%        N/A       100%        7


Dungeon Overview and Level Annotations

Branches:
Dungeon (14/15)            Temple (1/1) D:5            Lair (6/6) D:10
  Swamp (0/4) Lair:4        Snake (0/4) Lair:3        Slime (0/5) Lair:6
    Orc (2/2) D:10            Elf (0/3) Orc:2        Bailey (visited)
 Vaults: D:13-14

Altars:
Ashenzari
Cheibriados
Dithmenos
Elyvilon
Fedhas
Gozag
Hepliaklqana
Kikubaaqudgha
Makhleb
Nemelex Xobeh
Okawaru
Qazlal
Ru
Sif Muna
Trog
Uskayaw
Vehumet
Wu Jian
Xom
Yredelemnul
Zin
The Shining One

Shops:
D:1 !   D:9 [*   D:10 (   Orc:2 *[*[

Annotations:
D:11 1 runed translucent door, maxonian's ghost, journeyman DgAr
D:12 2 runed translucent doors


Innate Abilities, Weirdness & Mutations

You can spit globs of acid.
Your golden yellow scales are hard. (AC +9)
You cannot fit into any form of body armour.
You have acidic saliva.
You are cold-blooded and may be slowed by cold attacks.
You are resistant to acid. (rCorr)


Message History

The walls around you are covered in ice.
The wall freezes the centaur warrior.
The phantasmal warrior resists.
The wall freezes the phantasmal warrior.
The phantasmal warrior hits you.
The wall freezes the centaur warrior!
Casting: Frozen Ramparts (safe; 1% risk of failure)
Confirm with . or Enter, or press ? or * to list all spells.
A film of ice covers your body!
The phantasmal warrior resists.
The wall freezes the phantasmal warrior.
The phantasmal warrior hits you!!
* * * LOW HITPOINT WARNING * * *
Your willpower is stripped away!
The wall freezes the centaur warrior.
Okay, then.
As you read the scroll of fear, it crumbles to dust.
You assume a fearsome visage.
The phantasmal warrior is unaffected.
The centaur warrior looks frightened!
The wall freezes the centaur warrior.
Your attack snaps the centaur warrior out of its fear.
The phantasmal warrior resists.
The wall freezes the phantasmal warrior.
The phantasmal warrior misses you.
The wall freezes the centaur warrior.
As you read the scroll of fear, it crumbles to dust.
You assume a fearsome visage.
The phantasmal warrior is unaffected.
The centaur warrior looks frightened!
The phantasmal warrior resists.
The wall freezes the phantasmal warrior.
The phantasmal warrior hits you!
* * * LOW HITPOINT WARNING * * *
The wall freezes the centaur warrior!
Your attack snaps the centaur warrior out of its fear.
The centaur warrior wails, "Oh dear!
Oh dear!"
Casting: Ozocubu's Armour (safe; 1% risk of failure)
Confirm with . or Enter, or press ? or * to list all spells.
The centaur warrior howls in fear.
The phantasmal warrior resists.
The wall freezes the phantasmal warrior.
The phantasmal warrior misses you.
Casting: Summon Small Mammal (safe; 1% risk of failure)
Confirm with . or Enter, or press ? or * to list all spells.
The phantasmal warrior resists.
The wall freezes the phantasmal warrior.
The phantasmal warrior hits you!!
You die...

#..................[...#..##....#
#.....########...........###....'
#.....# #.........### #.....
#.....# ##.######## #.....
###.### #.# #≈.≈.. #.## #.#
#≈≈≈≈. #..# #.## #.≈_.. ##.# #.b#
###..≈≈≈ #.# ##@# #..≈≈≈..
####'## #####W#### ###.......
#.....### #...)r...####.........
#.....'.####...>.........#.......
#.....#.............######.......
#.....######...[....# #.......
#.....# #....c...# ########
#.....# ####.##### # ##'#### #.#
#


You could see a centaur warrior (fleeing), a phantasmal warrior (ally target), a
friendly quokka (summoned) and a friendly bat (summoned).

Vanquished Creatures
  An orc warlord (D:10)
  7 hydras
  Fannar (Lair:2)
  3 boulder beetles
  A centaur warrior (D:13)
  4 catoblepae
  16 death yaks
  3 two-headed ogres
  A deep troll shaman (Lair:6)
  Urug (Orc:1)
  An orc high priest (Orc:2)
  A tengu warrior (D:13)
  Nergalle (Lair:2)
  Sonja (Lair:3)
  6 orc sorcerers
  An ugly thing (D:13)
  6 orc knights
  A manticore (D:12)
  2 cyclopes
  13 elephants
  7 black mambas
  2 torpor snails
  Maurice (D:8)
  14 cane toads
  2 gargoyles
  3 unseen horrors
  Maggie (D:8)
  An efreet (D:13)
  5 rime drakes
  9 komodo dragons
  6 trolls
  2 hornets
  5 polar bears
  3 meliai (D:12)
  Prince Ribbit (D:5)
  Grinder (D:5)
  26 blink frogs
  A shadow (D:11)
  71 yaks
  4 wyverns
  2 wraiths
  4 basilisks
  6 vampire mosquitoes
  2 steam dragons (D:7)
  3 wargs
  3 nagas
  Edmund (D:5)
  An acid dragon (D:10)
  9 water moccasins
  7 black bears
  30 orc warriors
  2 sky beasts
  10 ogres
  A hornet zombie (D:8)
  17 wolves
  5 necrophages
  2 phantoms
  11 centaurs
  7 kobold brigands
  15 bullfrogs
  2 scorpions
  A cane toad simulacrum (Lair:1)
  A water moccasin zombie (D:5)
  A water moccasin skeleton (D:7)
  6 killer bees (D:10)
  8 wights
  3 howler monkeys
  3 electric eels
  2 bullfrog zombies (D:6)
  6 centaur zombies
  4 hounds
  14 orc priests
  A bullfrog skeleton (D:5)
  3 jellies
  2 centaur skeletons (D:4)
  4 gnoll shamans
  Jessica (D:2)
  An iguana (D:4)
  19 orc wizards
  A killer bee zombie (D:5)
  A howler monkey zombie (D:10)
  28 gnolls
  2 howler monkey skeletons
  9 adders
  2 shadow imps
  A white imp (D:7)
  An adder skeleton (D:5)
  3 worms
  3 dart slugs
  66 orcs
  2 bats (D:3)
  3 endoplasms
  3 giant cockroaches
  9 goblins
  7 hobgoblins
  16 jackals (D:4)
  13 kobolds
  7 quokkas
  11 ball pythons
  3 frilled lizards
  3 rats
650 creatures vanquished.

Vanquished Creatures (collateral kills)
  A hydra (Lair:1)
  2 death yaks (Lair:6)
  2 orc high priests (Orc:2)
  2 deep elf pyromancers
  An ugly thing (D:13)
  An elephant (Lair:3)
  A gargoyle (D:12)
  3 cane toads
  A blink frog (Lair:4)
  5 yaks
  A black bear (D:8)
  A wight (D:10)
  An electric eel (Lair:4)
  An orc priest (Orc:2)
  2 orcs
  2 kobolds (Bailey)
27 creatures vanquished.

Vanquished Creatures (others)
  3 bushes (Lair:6)
  46 fungi
  84 plants
  4 withered plants (D:4)
137 creatures vanquished.

Grand Total: 814 creatures vanquished

Notes
Turn   | Place    | Note
-------+----------+-------------------------------------------
     0 | D:1      | 101zpm the Draconian Ice Elementalist began the quest for
                  | the Orb.
     0 | D:1      | Reached XP level 1. HP: 14/14 MP: 3/3
   152 | D:1      | Noticed a floating eye
   180 | D:1      | Found a faded altar of an unknown god.
   182 | D:1      | Noticed a floating eye
   182 | D:1      | Noticed a floating eye
   182 | D:1      | Noticed an eye of devastation
   324 | D:1      | Reached XP level 2. HP: 20/20 MP: 5/5
   441 | D:1      | Found Fuebir's Distillery.
   893 | D:2      | Reached XP level 3. HP: 17/26 MP: 6/6
  1316 | D:2      | Noticed Jessica
  1319 | D:2      | Killed Jessica
  1320 | D:2      | Reached XP level 4. HP: 30/33 MP: 7/7
  1658 | D:2      | Reached skill level 1 in Short Blades
  2270 | D:3      | Reached skill level 1 in Fighting
  2274 | D:3      | Reached XP level 5. HP: 12/40 MP: 2/8
  3029 | D:2      | Learned a level 3 spell: Frozen Ramparts
  3033 | D:2      | Learned a level 3 spell: Ozocubu's Armour
  3916 | D:4      | Reached XP level 6. HP: 36/48 MP: 9/9
  4216 | D:4      | Reached skill level 5 in Ice Magic
  4659 | D:4      | Reached skill level 3 in Spellcasting
  4659 | D:4      | Your scales start taking on a golden yellow colour.
  4659 | D:4      | Reached XP level 7. HP: 14/56 MP: 11/11
  4659 | D:4      | Gained mutation: You are resistant to acid. (rCorr) [Yellow
                  | Draconian growth]
  5047 | D:5      | Entered Level 5 of the Dungeon
  5432 | D:5      | Noticed Grinder
  5447 | D:5      | Paralysed by Grinder for 7 turns
  5473 | D:5      | Paralysed by Grinder for 3 turns
  5479 | D:5      | Killed Grinder
  5480 | D:5      | Reached skill level 1 in Maces & Flails
  5672 | D:5      | Reached XP level 8. HP: 63/63 MP: 6/13
  5775 | D:5      | Noticed Prince Ribbit
  5861 | D:5      | Noticed Edmund
  5884 | D:5      | Killed Edmund
  5885 | D:5      | Reached skill level 4 in Spellcasting
  5890 | D:5      | Killed Prince Ribbit
  6170 | D:5      | Found a staircase to the Ecumenical Temple.
  7025 | D:6      | Reached XP level 9. HP: 61/71 MP: 16/16
  7151 | D:6      | Reached skill level 5 in Spellcasting
  7411 | D:6      | Learned a level 4 spell: Hailstorm
  7414 | D:6      | Learned a level 2 spell: Poisonous Vapours
  7460 | D:4      | Reached skill level 5 in Maces & Flails
  7507 | D:4      | Found an ancient bone altar of Kikubaaqudgha.
  9040 | D:4      | Reached skill level 1 in Poison Magic
  9107 | D:4      | Reached skill level 1 in Air Magic
 10064 | D:7      | Found a flagged portal.
 10079 | Bailey   | Entered a bailey
 10082 | Bailey   | Learned a level 1 spell: Summon Small Mammal
 10141 | Bailey   | Reached skill level 1 in Staves
 10327 | Bailey   | Noticed an orc knight
 10377 | Bailey   | Killed an orc knight
 10378 | Bailey   | Reached skill level 6 in Spellcasting
 10378 | Bailey   | Reached skill level 1 in Summonings
 11102 | Bailey   | Reached XP level 10. HP: 61/80 MP: 3/20
 11267 | Bailey   | Found a burning altar of Makhleb.
 11889 | D:7      | Noticed a gargoyle
 11900 | D:7      | Killed a gargoyle
 11901 | D:7      | Reached skill level 7 in Spellcasting
 12266 | D:7      | Reached skill level 1 in Long Blades
 12795 | D:7      | Reached skill level 5 in Dodging
 14184 | D:8      | Noticed Maurice
 14372 | D:8      | Noticed Maggie
 14378 | D:8      | Killed Maurice
 14400 | D:8      | Killed Maggie
 14401 | D:8      | Reached skill level 8 in Spellcasting
 14907 | D:8      | Reached XP level 11. HP: 33/80 MP: 11/23
 17107 | D:9      | Found Kioly's Armour Shoppe.
 17313 | D:9      | Found Bedymec's Assorted Antiques.
 17740 | D:10     | Entered Level 10 of the Dungeon
 18110 | D:10     | Found a staircase to the Orcish Mines.
 18416 | Orc:1    | Entered Level 1 of the Orcish Mines
 18604 | D:10     | Reached skill level 5 in Fighting
 19949 | D:11     | Found a runed translucent door.
 19949 | D:11     | Noticed maxonian's ghost (journeyman DgAr)
 19949 | D:11     | Noticed an ogre mage
 20038 | D:11     | Reached skill level 5 in Stealth
 20692 | D:11     | Noticed a four-headed hydra
 20705 | D:10     | Found Naps's Weapon Shoppe.
 20741 | D:10     | Found a staircase to the Lair.
 20747 | D:10     | Reached skill level 1 in Shields
 21047 | D:10     | Reached skill level 9 in Spellcasting
 21505 | D:10     | Noticed a two-headed ogre
 21515 | D:10     | Killed a two-headed ogre
 22174 | Orc:1    | Noticed Urug
 22180 | Orc:1    | Killed Urug
 22808 | Orc:1    | Noticed an orc warlord
 23281 | D:10     | Killed an orc warlord
 23282 | D:10     | Reached XP level 12. HP: 12/94 MP: 6/25
 24008 | Orc:1    | Reached skill level 10 in Spellcasting
 24379 | Orc:2    | Entered Level 2 of the Orcish Mines
 27347 | Orc:2    | Reached skill level 5 in Air Magic
 27375 | Orc:2    | Reached skill level 10 in Ice Magic
 27624 | Orc:2    | Found a staircase to the Elven Halls.
 27854 | Orc:2    | Noticed an orc high priest
 28352 | Orc:2    | Reached skill level 5 in Poison Magic
 28416 | Orc:2    | Killed an orc high priest
 28417 | Orc:2    | Reached skill level 11 in Spellcasting
 28994 | Orc:2    | Found Upnasm's Armour Boutique.
 29064 | Orc:2    | Found Cozawnei's Armour Emporium.
 29406 | Orc:2    | Found Dutsexzir's Assorted Antiques.
 29410 | Orc:2    | Found Hueposh's General Store.
 29505 | Orc:2    | Noticed an orc high priest
 29515 | Orc:2    | Killed an orc high priest
 29773 | Orc:2    | Noticed an orc high priest
 29784 | Orc:2    | Killed an orc high priest
 30418 | D:11     | Killed a nine-headed hydra
 30788 | D:11     | Noticed a two-headed ogre
 30804 | D:11     | Killed a two-headed ogre
 30805 | D:11     | Reached XP level 13. HP: 91/102 MP: 12/28
 31785 | Orc:2    | Bought a book of Changes for 252 gold pieces
 31785 | Orc:2    | Bought the ring "Eschipit" {rF+ rC+ rCorr Slay-4 SInv} for
                  | 448 gold pieces
 31787 | Orc:2    | Bought a scroll of identify for 56 gold pieces
 31787 | Orc:2    | Bought a scroll labelled PAIGO ULILESH for 28 gold pieces
 31787 | Orc:2    | Bought an ichor-stained lajatang for 560 gold pieces
 31787 | Orc:2    | Identified the +5 lajatang of Nutsutt {drain, Will+ Str+2
                  | Int-4} (You bought it in a shop on level 2 of the Orcish
                  | Mines)
 31830 | Orc:2    | Learned a level 2 spell: Wereblood
 31834 | Orc:2    | Learned a level 3 spell: Confusing Touch
 33694 | D:12     | Found a runed translucent door.
 33694 | D:12     | Found a runed translucent door.
 34191 | Temple   | Entered the Ecumenical Temple
 34459 | Temple   | Became a worshipper of Vehumet
 34583 | Lair:1   | Entered Level 1 of the Lair of Beasts
 34610 | D:10     | Reached skill level 12 in Spellcasting
 34880 | Lair:1   | Reached skill level 5 in Summonings
 35295 | Lair:1   | Reached * piety under Vehumet
 35295 | Lair:1   | Offered knowledge of Sandblast by Vehumet.
 37478 | Lair:2   | Noticed Nergalle
 37488 | Lair:2   | Killed Nergalle
 37941 | Lair:2   | Reached skill level 1 in Conjurations
 38986 | Lair:2   | Noticed Fannar
 39236 | D:13     | Offered knowledge of Scorch by Vehumet.
 39242 | D:13     | Learned a level 2 spell: Scorch
 39708 | Lair:2   | Killed Fannar
 39813 | Lair:3   | Noticed Sonja
 39813 | Lair:3   | Reached ** piety under Vehumet
 39814 | Lair:3   | Reached skill level 1 in Hexes
 39834 | Lair:3   | Killed Sonja
 39937 | Lair:3   | Reached skill level 13 in Spellcasting
 40546 | Lair:3   | Gained mutation: You have acidic saliva. [Yellow Draconian
                  | growth]
 40546 | Lair:3   | Reached XP level 14. HP: 97/110 MP: 21/31
 41269 | Lair:3   | Found a staircase to the Snake Pit.
 43551 | Lair:4   | Offered knowledge of Conjure Flame by Vehumet.
 43556 | Lair:4   | Learned a level 3 spell: Conjure Flame
 43946 | Lair:4   | Found the +0 pair of fencer's gloves {Riposte Dex+3}
 44139 | Lair:4   | Reached *** piety under Vehumet
 44348 | Lair:4   | Reached skill level 1 in Transmutations
 44348 | Lair:4   | Reached skill level 1 in Fire Magic
 44530 | Lair:4   | Found a staircase to the Swamp.
 46442 | D:13     | Found a blossoming altar of Fedhas.
 46459 | D:13     | Reached skill level 14 in Spellcasting
 49015 | Lair:5   | Found a shimmering altar of Xom.
 49511 | Lair:6   | Entered Level 6 of the Lair of Beasts
 50272 | Lair:6   | Offered knowledge of Flame Wave by Vehumet.
 50312 | Lair:6   | Reached XP level 15. HP: 103/116 MP: 21/33
 51297 | Lair:6   | Identified the amulet of a Thousand Spines {RegenMP rC+
                  | rCorr}
 51548 | Lair:6   | Reached **** piety under Vehumet
 52123 | Lair:6   | Offered knowledge of Freezing Cloud by Vehumet.
 52130 | Lair:6   | Reached skill level 15 in Spellcasting
 52631 | Lair:6   | Found a staircase to the Slime Pits.
 53633 | Lair:6   | Learned a level 3 spell: Tukima's Dance
 53639 | Lair:6   | Learned a level 5 spell: Freezing Cloud
 53641 | Lair:6   | Learned a level 1 spell: Animate Skeleton
 54184 | D:13     | Slain by a phantasmal warrior

Illustrated notes

Levels and vault maps discovered:
D:1:      dpeg_arrival_rooms_b, layout_loops_cross, serial_shops, shop,
          hellmonk_ecumenical_altar_watching_god, minivault_14, nrook_uturn,
          minmay_box_of_dots
D:2:      cheibrodos_old_hovel, layout_loops_corners, fountainhead,
          minmay_misc_feat_encased, uniq_jessica
D:3:      layout_loops_ring
D:4:      lemuel_castle_with_subvaults [lemuel_castle_interior_carwin_2],
          layout_basic, kiku_gazebo_garden_becter, minmay_vboxes
D:5:      layout_rooms, minmay_temple_entry_trees, uniq_prince_ribbit1,
          uniq_grinder, uniq_edmund
D:6:      layout_gridville, minmay_holes
D:7:      minmay_thinvault, layout_basic, enter_bailey_2,
          minmay_fractal_squares_gapless_5
D:8:      layout_basic, uniq_maggie, uniq_maurice
D:9:      layout_cave_pools, kennysheep_diamond, nicolae_inconvenience_store
D:10:     layout_irregular_city, david_lair_generic, orc_0_dummy, serial_shops,
          nicolae_shop_statue_plus, grunt_decor_mini_mirrors, st_stairs_6
D:11:     layout_long_grid, ebering_ghost_inner_flame, chequers_avenue
D:12:     nicolae_whirlpool, layout_irregular_city,
          muffindrake_ghost_dual_entry, roderic_roman_lattice, solitary_fountain
D:13:     layout_roguey, fedhas_altar_2
D:14:     layout_basic, david_vaults_4, minmay_strange_pillars,
          chequers_serial_rivers_room_a, uniq_frances
Temple:   mainiacjoe_temple_hex_bubbles
Lair:1:   layout_gridlike, portal_ice_cave_entry_ice_simulacra,
          nicolae_quartered_pool_little, ldierk_geyser, beast_lair_carwin_5
Lair:2:   layout_layer_cave, uniq_fannar, uniq_nergalle
Lair:3:   layout_cave_pods, minmay_snake_entry_guardpost_small, minivault_27,
          grunt_megastairs_3, uniq_sonja
Lair:4:   nzn_winding_woodlands_small [nzn_winding_woodlands_5x15_cabin,
          nzn_winding_woodlands_center_diamonds,
          nzn_winding_woodlands_5x15_river_crossing], layout_cave_pods,
          swamp_mist, serial_bayou_shore_a
Lair:5:   layout_regular_city, basic_altar, serial_bayou_pond_c,
          infiniplex_staircase_pool_2
Lair:6:   grunt_lair_end_beastmaster, layout_regular_city, slime_dummy
Orc:1:    layout_caves, uniq_urug
Orc:2:    st_orc_elflike, layout_diamond_mine

Skill      XL: |  1  2  3  4  5  6  7  8  9 10 11 12 13 14 15 |
---------------+----------------------------------------------+-----
Stealth        | 2 3 4 5 |  5.5
Dodging        | 2 3 4 5 6 7 |  7.7
Short Blades   | 1 2 3 |  3.5
Fighting       | 1 2 3 4 5 6 |  6.5
Ice Magic      | 5 6 7 8 9 10 11 12 | 12.4
Spellcasting   | 3 4 6 8 9 11 13 14 15 | 15.2
Maces & Flails | 2 4 5 |  5.0
Poison Magic   | 2 3 4 5 6 7 |  7.3
Air Magic      | 2 3 4 5 6 7 |  7.8
Staves         | 1 2 |  2.9
Summonings     | 1 2 4 5 6 |  6.6
Long Blades    | 2 4 |  4.7
Shields        | 1 |  1.8
Conjurations   | 1 |  1.2
Hexes          | 1 3 |  3.5
Transmutations | 1 |  1.8
Fire Magic     | 2 3 |  3.5

Action                   |  1- 3 |  4- 6 |  7- 9 | 10-12 | 13-15 || total
-------------------------+-------+-------+-------+-------+-------++-------
Melee: Dagger            |    54 |   134 |     9 |       |       ||   197
       Unarmed           |     4 |       |       |       |       ||     4
       Tailslap          |     5 |    18 |    60 |   106 |    74 ||   263
       Punch             |     1 |     3 |     8 |     8 |     1 ||    21
       Demon whip        |       |       |   194 |       |       ||   194
       Staff             |       |       |    99 |       |       ||    99
       Falchion          |       |       |    30 |   502 |   154 ||   686
       Lajatang          |       |       |       |       |   138 ||   138
       Bite              |       |       |       |       |    51 ||    51
 Cast: Freeze            |     3 |    10 |    48 |    98 |    58 ||   217
       Frozen Ramparts   |       |     5 |    44 |    84 |   131 ||   264
       Ozocubu's Armour  |       |     1 |     6 |    50 |    87 ||   144
       Poisonous Vapours |       |       |    44 |   259 |   352 ||   655
       Summon Small Mamm |       |       |    10 |   149 |   269 ||   428
       Hailstorm         |       |       |       |     7 |    25 ||    32
       Confusing Touch   |       |       |       |       |    70 ||    70
       Wereblood         |       |       |       |       |    44 ||    44
       Scorch            |       |       |       |       |    95 ||    95
       Conjure Flame     |       |       |       |       |     1 ||     1
       Tukima's Dance    |       |       |       |       |     4 ||     4
 Abil: Breathe Acid      |       |       |       |     1 |     4 ||     5
  Use: Scroll            |       |       |     9 |    11 |     7 ||    27
       Potion            |       |       |       |     2 |     1 ||     3
 Stab: Sleeping          |     5 |     6 |     5 |     2 |     1 ||    19
       Distracted        |       |       |       |     1 |     9 ||    10
       Confused          |       |       |       |       |     7 ||     7
Armor: Skin              |    12 |    32 |   133 |   299 |   529 ||  1005
Dodge: Dodged            |    27 |    82 |   304 |   739 |   735 ||  1887
Block: Other             |       |       |       |   156 |    10 ||   166
       Reflection        |       |       |       |     8 |     6 ||    14
       Rpst.: Lajatang   |       |       |       |       |    72 ||    72
